 Dungeon Crawl Stone Soup version 0.18-a0-1789-gbeff17f (webtiles) character file.

67 SkaryMonk the Chiller (level 4, -8/27 HPs)
             Began as an Octopode Ice Elementalist on Apr 21, 2016.
             Killed by divine providence
             ... invoked by an orc priest
              (13 damage)
             ... on level 3 of the Dungeon.
             The game lasted 00:18:37 (1347 turns).

SkaryMonk the Chiller (Octopode Ice Elementalist)   Turns: 1347, Time: 00:18:37

Health: -8/27      AC:  1    Str:  7    XL:     4   Next: 16%
Magic:  1/7        EV: 11    Int: 18    God:
Gold:   80         SH:  0    Dex: 12    Spells: 3 memorised, 1 level left

rFire  + . .     SeeInvis .     g - +0 mace (holy)
rCold  + . .     Gourm    +     (no shield)
rNeg   . . .     Faith    .     (helmet restricted)
rPois  +         Spirit   .     k - amulet of the gourmand
rElec  +         Dismiss  .     (no ring)
rCorr  +         Reflect  .     (no ring)
SustAt .         Harm     .     (no ring)
MR     .....                    (no ring)
Stlth  +++.......               (no ring)
                                (no ring)
                                (no ring)
                                (no ring)

@: resistant, very slightly contaminated, drained, not resistant to hostile
enchantments, fairly stealthy
A: almost no armour, amphibious, 8 rings, constrict 8, camouflage 1, gelatinous
body 1
a: no special abilities


You were on level 3 of the Dungeon.
You were full.

You visited 1 branch of the dungeon, and saw 3 of its levels.

You collected 80 gold pieces.

Notes
Turn   | Place    | Note
--------------------------------------------------------------
     0 | D:1      | SkaryMonk the Octopode Ice Elementalist began the quest for the Orb.
     0 | D:1      | Reached XP level 1. HP: 11/11 MP: 3/3
   127 | D:1      | Reached XP level 2. HP: 15/17 MP: 1/5
   134 | D:1      | Learned a level 2 spell: Throw Frost
   565 | D:2      | Reached skill level 4 in Ice Magic
   565 | D:2      | Reached XP level 3. HP: 21/21 MP: 1/6
   570 | D:2      | Learned a level 3 spell: Ozocubu's Armour
  1160 | D:3      | Reached XP level 4. HP: 27/27 MP: 5/7
  1347 | D:3      | Killed from afar by an orc priest

Inventory:

Hand Weapons
 d - a +0 whip
 g - a +0 mace of holy wrath (weapon)
Jewellery
 k - an amulet of the gourmand (around mantle)
Scrolls
 e - a scroll of recharging {unknown}
 i - 2 scrolls of remove curse
 m - a scroll of enchant weapon {unknown}
 n - 2 scrolls of teleportation {unknown}
 q - a scroll of blinking {unknown}
Potions
 c - a potion of resistance
 j - a potion of flight
 l - a potion of heal wounds {unknown}
 o - a potion of might {unknown}
Books
 a - a book of Frost

   Spells                             Type                      Level
   a - Freeze                         Ice                          1
   b - Throw Frost                    Conjuration/Ice              2
   c - Ozocubu's Armour               Charms/Ice                   3
   d - Throw Icicle                   Conjuration/Ice              4
   e - Summon Ice Beast               Ice/Summoning                4
Comestibles
 b - 2 bread rations
 p - a royal jelly

Table legend:
 A = Turns spent in this place as a percentage of turns spent in the entire game.
 B = Non-inter-level travel turns spent in this place as a percentage of non-inter-level travel turns spent in the entire game.
 C = Inter-level travel turns spent in this place as a percentage of turns spent in this place.
 D = Turns resting spent in this place as a percentage of non-inter-level travel turns spent in this place.
 E = Turns spent auto-exploring this place as a percentage of non-inter-level travel turns spent in this place.
 F = Non-inter-level travel turns spent in this place divided by the number of levels of this place that you've seen.
                   A       B       C       D       E      F
               +-------+-------+-------+-------+-------+----------------------
         Total | 100.0 | 100.0 |   0.5 |   2.8 |  16.1 | 141.0
       Dungeon | 100.0 | 100.0 |   0.5 |   2.8 |  16.1 | 141.0
               +-------+-------+-------+-------+-------+----------------------


   Skills:
 - Level 2.0(1.0) Dodging
 - Level 2.6(1.6) Stealth
 - Level 2.0(1.0) Spellcasting
 - Level 1.0(0.0) Conjurations
 + Level 4.9(3.8) Ice Magic


You had one spell level left.
You knew the following spells:

 Your Spells              Type           Power        Failure   Level  Hunger
a - Freeze                Ice            ##..         4%          1    ##.....
b - Throw Frost           Conj/Ice       #.....       14%         2    ###....
c - Ozocubu's Armour      Chrm/Ice       #.......     30%         3    ####...


Dungeon Overview and Level Annotations

Branches:
Dungeon (3/15)

Altars:


Innate Abilities, Weirdness & Mutations

You cannot wear most types of armour.
You are amphibious.
You can wear up to eight rings at the same time.
You can use your tentacles to constrict eight enemies at once.
Your skin changes colour to match your surroundings (Stealth).
Your rubbery body absorbs attacks (AC +1).


Message History

Unknown command.
Unknown command.
Unknown command.
Read which item? (? for menu, Esc to quit)
Okay, then.
Unknown command.
Drink which item? (? for menu, Esc to quit)
It was a potion of resistance.
You feel protected. The orc barely misses you.
The orc priest hits you with a mace!
* * * LOW HITPOINT WARNING * * *
Drink which item? (? for menu, Esc to quit)
It was a potion of curing.
You feel better. The orc closely misses you.
The orc priest invokes the aid of Beogh against you.
Pain shoots through your body!
* * * LOW HITPOINT WARNING * * *
The orc priest calls down the wrath of Beogh upon you.
Beogh smites you!
You die...

#....##############.#..
#...o##....# #.##.
###'###.##.# #....
###.#......# ####.
#.....#....# #######.
#o#.......## #.......
#)##.#...## ####.######
#.##o....# #....#
#.oo.o@#.####.####
########.#......# #####
#...#....#.# .....
#.###....#.##.....
#.###....#........
#.##.............#
#.##.............#
#..'..........####
####..............


You could see an orc priest and 3 orcs.

Table legend:
 A = Kills in this place as a percentage of kills in entire the game.
 B = Kills by you in this place as a percentage of kills by you in the entire game.
 C = Kills by friends in this place as a percentage of kills by friends in the entire game.
 D = Other kills in this place as a percentage of other kills in the entire game.
 E = Experience gained in this place as a percentage of experience gained in the entire game.
 F = Experience gained in this place divided by the number of levels of this place that you have seen.
                   A       B       C       D       E      F
               +-------+-------+-------+-------+-------+----------------------
         Total | 100.0 | 100.0 |  -nan |  -nan | 100.0 |  32.0
       Dungeon | 100.0 | 100.0 |  -nan |  -nan | 100.0 |  32.0
               +-------+-------+-------+-------+-------+----------------------

Vanquished Creatures
  2 adders
  2 dart slugs
  4 giant geckos
  An orc (D:3)
  6 bats
  4 giant cockroaches
  6 hobgoblins
  3 kobolds
  A ball python (D:3)
  A giant newt (D:2)
  3 goblins
  5 rats
38 creatures vanquished.

Action                   |  1- 3 |  4- 6 || total
-------------------------+-------+-------++-------
Melee: Whip              |    22 |     9 ||    31
       Constrict         |     6 |     2 ||     8
       Tentacles         |     2 |     1 ||     3
       Mace              |       |     1 ||     1
 Cast: Freeze            |    26 |     4 ||    30
       Throw Frost       |     8 |       ||     8
       Ozocubu's Armour  |     2 |     1 ||     3
  Use: Scroll            |     3 |       ||     3
       Potion            |       |     2 ||     2
 Stab: Sleeping          |     3 |     1 ||     4
  Eat: Chunk             |     2 |    14 ||    16
Armor: Skin              |     2 |     8 ||    10
Dodge: Dodged            |    22 |    10 ||    32

Vault maps used:
D:1:      dpeg_arrival_simpleton_b, serial_glass, glass_columns_a,
          glass_columns_c
D:2:      wad_lake_hut
D:3:      grunt_temple_overflow_open
